 Dungeon Crawl Stone Soup version 0.30.1-4-g462c640d31 (webtiles) character file.

Game seed: 6855846771513170828

3910 LuckyKittyKathy the Protected (level 10, -5/84 HPs)
             Began as a Minotaur Berserker on Sept 1, 2023.
             Was a Priest of Trog.
             Slain by a wight
             ... wielding a +3 battleaxe
              (9 damage)
             ... on level 9 of the Dungeon on Sept 2, 2023.
             The game lasted 00:34:50 (5736 turns).

LuckyKittyKathy the Protected (Minotaur Berserker)  Turns: 5736, Time: 00:34:51

Health: -5/84      AC:  8    Str: 27    XL:     10   Next: 1%
Magic:  9/9        EV: 11    Int:  4    God:    Trog [***...]
Gold:   236        SH: 15    Dex:  9    Spells: 9/9 levels left

rFire   + . .        e - +3 dagger (venom)
rCold   . . .        f - +0 kite shield
rNeg    . . .        p - +0 scale mail
rPois   .            (helmet restricted)
rElec   .            (no cloak)
rCorr   +            (no gloves)
SInv    .            (no boots)
Will    ++...        w - amulet of reflection Stlth
                     c - ring of protection from fire
HPRegen 1.34/turn    q - ring of resist corrosion
MPRegen 0.11/turn

%: reflection
@: strong-willed, on berserk cooldown, regenerating, slowed, very slow
A: horns 2, retaliatory headbutt
a: Renounce Religion, Berserk, Trog's Hand


You were on level 9 of the Dungeon.
You worshipped Trog.
Trog was most pleased with you.
You visited 1 branch of the dungeon, and saw 9 of its levels.

You collected 281 gold pieces.
You spent 45 gold pieces at shops.

Inventory:

Hand Weapons
 a - a +0 hand axe
 e - a +3 dagger of venom (weapon)
 g - a +0 battleaxe
 t - a +0 short sword of venom
 C - a +0 flail
 H - a +2 short sword of speed
 K - a +2 dagger of venom
 M - a +1 short sword of holy wrath
 P - a +2 shortbow of draining
Missiles
 m - 3 javelins
 u - 63 stones (quivered)
Armour
 b - a +0 animal skin
 f - a +0 kite shield (worn)
 h - a +0 chain mail
 i - a +0 leather armour
 p - a +0 scale mail (worn)
 s - a +0 barding
 x - the +0 robe "Zetit" {rC+ Regen+}
   (You found it on level 8 of the Dungeon)

   rC:        It protects you from cold.
   Regen:     It increases your rate of health regeneration.
 y - a +0 ring mail
 D - +1 steam dragon scales
 I - the +4 skin of Zhor {*Englaciate rC+++ SInv}
   (You found it on level 8 of the Dungeon)

   *Englaciate: It radiates cold, occasionally slowing all nearby creatures who
   are not resistant to cold.
   rC:        It renders you almost immune to cold.
   SInv:      It lets you see invisible.
Jewellery
 c - a ring of protection from fire (left hand)
 q - a ring of resist corrosion (right hand)
 w - an amulet of reflection (around neck)
Wands
 v - a wand of polymorph (3)
 A - a wand of digging (2)
 O - a wand of quicksilver (8)
Scrolls
 j - a scroll of vulnerability
 o - a scroll of noise
 F - 2 scrolls of fear
Potions
 d - 4 potions of curing
 k - a potion of mutation {unknown}
 n - a potion of brilliance
 r - a potion of experience {unknown}
 z - 3 potions of attraction {unknown}
 B - a potion of magic
 E - a potion of might {unknown}
 L - a potion of cancellation {unknown}
 N - a potion of flight {unknown}
 Q - a potion of lignification {unknown}
Miscellaneous
 J - a box of beasts


   Skills:
 + Level 6.6 Fighting
 + Level 7.1 Short Blades
 + Level 4.3 Axes
 + Level 9.4 Armour
 + Level 5.5 Dodging
 + Level 1.4 Stealth
 + Level 8.6 Shields
 + Level 1.0 Evocations


You had 9 spell levels left.
You didn't know any spells.
Your spell library contained the following spells:

 Spells                   Type           Power      Damage    Failure   Level
 Summon Lightning Spire   Summ/Air       0%         N/A       100%        4
 Storm Form               Tmut/Air       0%         N/A       100%        7
 Maxwell's Capacitive Co  Air            0%         ∞         100%        8


Dungeon Overview and Level Annotations

Branches:
Dungeon (9/15)               Lair (0/5) D:9
 Temple: D:4-7          Orc: D:9-12

Altars:
Gozag
Hepliaklqana
Vehumet
Zin

Shops:
D:1 ?[


Innate Abilities, Weirdness & Mutations

You have a pair of horns on your head.
You reflexively headbutt those who attack you in melee.


Message History

You block the death yak's attack. The death yak gores you!!
* * * LOW HITPOINT WARNING * * *
You hit the death yak but do no damage.
The death yak looks as sick as possible!
Your headbutt misses the death yak.
The death yak is severely wounded.
The death yak gores you!
* * * LOW HITPOINT WARNING * * *
You hit the death yak but do no damage.
The death yak is severely wounded.
The death yak closely misses you. You furiously retaliate!
You headbutt the death yak. You hit the death yak but do no damage.
The death yak looks as sick as possible!
The death yak is severely wounded.
The death yak barely misses you. You furiously retaliate!
You headbutt the death yak, but do no damage.
You hit the death yak but do no damage.
The death yak is severely wounded.
The death yak gores you!
* * * LOW HITPOINT WARNING * * *
You hit the death yak but do no damage.
The death yak looks as sick as possible!
The death yak is almost dead.
The death yak gores you but does no damage.
You hit the death yak.
The death yak looks as sick as possible!
The death yak is almost dead.
You block the death yak's attack.
You hit the death yak.
You kill the death yak!
Trog accepts your kill.
Your Short Blades skill increases to level 7!
Your Evocations skill increases to level 1!
You have reached level 10!
Your skin crawls.
You feel strong-willed. The wight misses you. You furiously retaliate!
You headbutt the wight. The wight hits you with a +3 battleaxe!
You die...

#### ####..
....### . #...<
...
#######..###.....
.........@z......
........####...##
........# ...
#######.# > #.#
#.# #.# #!#


You could see a wight.

Vanquished Creatures
  A death yak (D:9)
  2 rime drakes (D:8)
  2 wyverns (D:8)
  2 steam dragons
  Menkaure (D:4)
  An orc warrior (D:8)
  An ice beast (D:7)
  A black bear (D:4)
  4 ogres
  3 centaurs
  4 kobold brigands
  2 bullfrogs (D:7)
  A scorpion (D:5)
  4 wights (D:7)
  3 howler monkeys
  2 jellies
  A gnoll bouda (D:5)
  2 hounds
  3 iguanas
  3 orc wizards (D:8)
  2 sleepcaps
  3 gnolls (D:5)
  3 adders
  A worm (D:3)
  2 dart slugs
  10 orcs
  7 endoplasms
  2 giant cockroaches
  5 hobgoblins
  3 jackals (D:3)
  3 quokkas
  4 ball pythons
  3 bats
  3 frilled lizards (D:3)
  3 goblins
  22 kobolds
  6 rats
125 creatures vanquished.

Notes
Turn   | Place    | Note
-------+----------+-------------------------------------------
     0 | D:1      | LuckyKittyKathy the Minotaur Berserker began the quest for
                  | the Orb.
     0 | D:1      | Reached XP level 1. HP: 19/19 MP: 0/0
   340 | D:1      | Found Rugacug's Armour Shoppe.
   344 | D:1      | Reached XP level 2. HP: 20/27 MP: 1/1
   349 | D:1      | Bought a +0 kite shield for 45 gold pieces
   606 | D:1      | Found Zickoirph's Magic Scroll Boutique.
   707 | D:2      | You fall into a shaft and drop 1 floor!
   824 | D:3      | Reached XP level 3. HP: 33/33 MP: 2/2
  1115 | D:3      | Reached ** piety under Trog
  1127 | D:3      | Reached skill level 1 in Short Blades
  1127 | D:3      | Reached skill level 3 in Armour
  1296 | D:3      | Reached XP level 4. HP: 40/41 MP: 3/3
  1297 | D:3      | Found a glowing silver altar of Zin.
  1530 | D:4      | Noticed a black bear
  1545 | D:4      | Killed a black bear
  1546 | D:4      | Reached skill level 1 in Shields
  1546 | D:4      | Reached XP level 5. HP: 40/47 MP: 4/4
  1575 | D:4      | Noticed Menkaure
  1581 | D:4      | Killed Menkaure
  1582 | D:4      | Reached XP level 6. HP: 42/55 MP: 5/5
  1799 | D:4      | Reached skill level 5 in Fighting
  1799 | D:4      | Reached skill level 4 in Armour
  2002 | D:4      | Reached skill level 1 in Stealth
  2184 | D:5      | Entered Level 5 of the Dungeon
  2326 | D:5      | Reached XP level 7. HP: 61/61 MP: 6/6
  2931 | D:5      | Reached skill level 5 in Armour
  3375 | D:6      | Reached skill level 6 in Armour
  3392 | D:6      | Reached XP level 8. HP: 42/69 MP: 7/7
  3711 | D:7      | Found a hazy altar of Hepliaklqana.
  3711 | D:7      | Found a radiant altar of Vehumet.
  3849 | D:7      | Reached skill level 5 in Short Blades
  3872 | D:7      | Reached *** piety under Trog
  3873 | D:7      | Reached skill level 7 in Armour
  3888 | D:7      | HP: 2/62 [wight/+5 dire flail (15)]
  4096 | D:7      | Reached skill level 5 in Shields
  4267 | D:8      | Identified the +0 robe "Zetit" {rC+ Regen+}
  4484 | D:8      | Reached XP level 9. HP: 68/75 MP: 8/8
  4515 | D:8      | Reached skill level 8 in Armour
  4583 | D:8      | Found the +4 skin of Zhor {*Englaciate rC+++ SInv}
  4586 | D:8      | Noticed a rime drake
  4586 | D:8      | Noticed a rime drake
  4598 | D:8      | Killed a rime drake
  4600 | D:8      | Killed a rime drake
  4601 | D:8      | Reached skill level 5 in Dodging
  4860 | D:8      | Found an opulent altar of Gozag.
  5528 | D:8      | Reached skill level 9 in Armour
  5708 | D:9      | Noticed a meliai
  5709 | D:9      | Noticed a death yak
  5714 | D:9      | Found a staircase to the Lair.
  5732 | D:9      | HP: 1/78 [death yak (9)]
  5735 | D:9      | Killed a death yak
  5736 | D:9      | Reached skill level 1 in Evocations
  5736 | D:9      | Reached XP level 10. HP: 2/84 MP: 9/9
  5736 | D:9      | Slain by a wight

Illustrated notes

Levels and vault maps discovered:
D:1:      nicolae_arrival_memento_mori, layout_basic, serial_shops, shop,
          nicolae_shop_rolled_up, nicolae_shop_tiny_real_fake_doors, shop
D:2:      layout_rooms, minmay_distorted, uniq_terence
D:3:      minmay_inner_zag, layout_loops_ring,
          mainiacjoe_overflow_six_doors_small, uniq_crazy_yiuf_cottage
D:4:      layout_loops_ring, minmay_temple_entry_statues_fountains,
          kennysheep_generic_room_13, uniq_menkaure
D:5:      layout_basic, nrook_campfire
D:6:      layout_loops_corners, eino_tiny_chamber, grunt_decor_resistance,
          hangedman_decor_clover_reticule
D:7:      layout_loops_ring, mainiacjoe_overflow_alcove_2,
          gammafunk_temple_overflow_wave
D:8:      layout_basic, nicolae_gozag_seed_capital,
          hellmonk_guarded_unrand_zhor, uniq_maurice
D:9:      layout_basic, tgw_xom, nicolae_sif_muna_little_library,
          kennysheep_little_box, dpeg_lair_monsters, serial_shops,
          nicolae_shop_dealshenge, kennysheep_nondescript, minmay_ruined_shrine

Skill      XL: |  1  2  3  4  5  6  7  8  9 |
---------------+----------------------------+-----
Fighting       | 4 5 6 |  6.6
Axes           | 4 |  4.3
Short Blades   | 1 2 3 4 5 7 |  7.1
Armour         | 3 4 6 7 9 |  9.4
Dodging        | 3 4 5 |  5.5
Shields        | 1 2 3 6 8 |  8.6
Stealth        | 1 |  1.4
Evocations     | 1 |  1.0

Action                     |  1- 3 |  4- 6 |  7- 9 | 10-12 || total
---------------------------+-------+-------+-------+-------++-------
  Melee: Hand axe          |    12 |       |       |       ||    12
         Dagger            |    67 |    48 |   316 |       ||   431
         Headbutt          |    11 |    18 |    72 |       ||   101
 Invoke: Berserk           |       |       |     3 |       ||     3
         Trog's Hand       |       |       |       |     1 ||     1
  Evoke: Wand              |       |       |     7 |       ||     7
    Use: Potion            |     5 |       |     6 |       ||    11
         Scroll            |       |       |    11 |       ||    11
 Armour: Animal skin       |     5 |       |       |       ||     5
         Leather armour    |    11 |       |       |       ||    11
         Scale mail        |       |    23 |    59 |       ||    82
  Dodge: Dodged            |    58 |    13 |    97 |     1 ||   169
  Block: Kite shield       |    15 |    13 |   164 |       ||   192
         Reflection        |       |       |    11 |       ||    11
